 Dungeon Crawl Stone Soup version 0.32-a0-391-gce5c0aab1b (webtiles) character file.

Game seed: 950373278446849641

3217 Bravepunisher the Changeling (level 9, -2/89 HPs)
             Began as a Troll Shapeshifter on Feb 19, 2024.
             Was a Priest of Makhleb.
             Slain by a gnoll sergeant
             ... wielding a +0 trident
              (7 damage)
             ... on level 9 of the Dungeon.
             The game lasted 00:19:45 (7044 turns).

Bravepunisher the Changeling (Troll Shapeshifter)   Turns: 7044, Time: 00:19:46

Health: -2/89      AC: 12    Str: 28    XL:     9   Next: 65%
Magic:  11/11      EV: 10    Int:  6    God:    Makhleb [***...]
Gold:   501        SH:  0    Dex:  9    Spells: 8/8 levels left

rFire   . .          .
                       - Unarmed
rCold   . . .        (no shield)
rNeg    + . .        I - +0 acid dragon scales
rPois   .            H - +2 hat
rElec   .            t - +0 cloak
rCorr   +            (gloves unavailable)
SInv    .            (boots unavailable)
Will    .....        D - amulet of faith
Stlth   +            e - ring of positive energy
HPRegen 1.14/turn    (no ring)
MPRegen 0.12/turn

%: faith
@: no status effects
A: large, unfitting armour, claws 3, regeneration 1, shaggy fur 1, tough skin 1
a: Renounce Religion, Minor Destruction, Lesser Servant of Makhleb


You were on level 9 of the Dungeon.
You worshipped Makhleb.
Makhleb was most pleased with you.
You visited 2 branches of the dungeon, and saw 10 of its levels.
You also visited: Ossuary.

You collected 501 gold pieces.

Inventory:

Armour
 t - a +0 cloak (worn)
 E - +0 steam dragon scales
 H - a +2 hat (worn)
 I - +0 acid dragon scales (worn)
Jewellery
 a - an amulet of the acrobat
 e - a ring of positive energy (left claw)
 D - an amulet of faith (around neck)
 J - an amulet of guardian spirit
Talismans
 c - a beast talisman
 d - a flux talisman
Wands
 w - a wand of iceblast (8)
 B - a wand of acid (10)
Scrolls
 f - 2 scrolls of enchant weapon {unknown}
 g - a scroll of vulnerability {unknown}
 h - 3 scrolls of amnesia {unknown}
 j - 2 scrolls of fear {unknown}
 m - 6 scrolls of identify {unknown}
 p - 2 scrolls of revelation {unknown}
 u - 5 scrolls of teleportation {unknown}
 v - a scroll of blinking {unknown}
 x - a scroll of acquirement {unknown}
 y - a scroll of poison {unknown}
 C - a scroll of immolation {unknown}
 F - a scroll of enchant armour {unknown}
Potions
 b - a potion of might {unknown}
 i - 3 potions of brilliance {unknown}
 k - 2 potions of resistance {unknown}
 l - 2 potions of degeneration {unknown}
 n - a potion of attraction {unknown}
 o - 5 potions of curing
 q - 3 potions of invisibility {unknown}
 r - 2 potions of enlightenment {unknown}
 s - 2 potions of heal wounds
 z - 4 potions of mutation {unknown}
 A - 3 potions of magic {unknown}
 G - a potion of lignification


   Skills:
 + Level 5.7 Fighting
 + Level 4.4 Armour
 - Level 3.6 Dodging
 - Level 4.6 Unarmed Combat
 + Level 4.9 Invocations
 + Level 7.0 Shapeshifting


You had 8 spell levels left.
You didn't know any spells.
Your spell library contained the following spells:

 Spells                   Type           Power      Damage    Failure   Level
 Slow                     Hex            0%         N/A       52%         1
 Confusing Touch          Hex            0%         N/A       87%         3
 Sigil of Binding         Hex            0%         N/A       87%         3
 Vampiric Draining        Necr           0%         2d6       87%         3
 Animate Dead             Necr           0%         N/A       99%         4
 Borgnjor's Vile Clutch   Necr/Erth      0%         N/A       100%        5
 Death Channel            Necr           0%         N/A       100%        6


Dungeon Overview and Level Annotations

Branches:
Dungeon (9/15)             Temple (1/1) D:5             Orc (0/2) D:9
Ossuary (visited)
   Lair: D:8-11

Altars:
Ashenzari
Cheibriados
Dithmenos
Elyvilon
Fedhas
Gozag
Hepliaklqana
Kikubaaqudgha
Makhleb
Nemelex Xobeh
Okawaru
Qazlal
Ru
Trog
Uskayaw
Vehumet
Wu Jian
Xom
Yredelemnul
Zin
The Shining One

Shops:
D:6 [


Innate Abilities, Weirdness & Mutations

You are too large for most types of armour.
You have claws for hands.
Your natural rate of healing is unusually fast.
You are covered in fur. (AC +1)
You have tough skin. (AC +1)


Message History

The kobold brigand hits you with a +0 dagger.
You closely miss the kobold brigand.
The kobold brigand is almost dead.
The gnoll sergeant hits you but does no damage.
The kobold brigand hits you but does no damage.
You scratch the kobold brigand but do no damage.
The kobold brigand is almost dead.
The gnoll sergeant hits you from afar with a +0 trident.
* * * LOW HITPOINT WARNING * * *
The kobold brigand hits you with a +0 dagger.
* * * LOW HITPOINT WARNING * * *
You mangle the kobold brigand!!
You kill the kobold brigand!
Makhleb accepts your kill.
The gnoll sergeant hits you from afar with a +0 trident.
* * * LOW HITPOINT WARNING * * *
Your Shapeshifting skill increases to level 7!
Unknown command.
The gnoll sergeant attacks as it pursues you!
The gnoll sergeant hits you from afar with a +0 trident!
* * * LOW HITPOINT WARNING * * *
You feel much better. The gnoll sergeant closely misses you.
The gnoll sergeant hits you with a +0 trident!
* * * LOW HITPOINT WARNING * * *
A demon appears!
The gnoll sergeant hits you with a +0 trident.
* * * LOW HITPOINT WARNING * * *
Unknown command.
There are monsters nearby!
The gnoll sergeant hits you with a +0 trident!
* * * LOW HITPOINT WARNING * * *
You begin transforming.
You continue transforming.
The gnoll sergeant hits you with a +0 trident.
* * * LOW HITPOINT WARNING * * *
You continue transforming.
The gnoll sergeant hits you with a +0 trident!
* * * LOW HITPOINT WARNING * * *
You continue transforming.
The gnoll sergeant hits you with a +0 trident!
You die...

#..........####
#..............
#..............
#..............
####..............
#.................
#.##..............
#4#######.........
#@# #......... #g#
####.#####


#To.oKoT# #.# #.#oKgo.# #.# #.#ßo$.ß# .# #.# ##### #[. ### You could see a
troll, a gnoll sergeant (ally target), 3 orcs and a friendly hellwing
(summoned).

Vanquished Creatures
  Sigmund (D:3)
  2 steam dragons
  An acid dragon (D:8)
  Duvessa (D:4)
  3 sky beasts
  3 ogres
  A centaur (D:8)
  A phantom (D:5)
  2 kobold brigands
  A gnoll sergeant (D:5)
  A scorpion (D:5)
  2 bullfrogs (D:7)
  Dowan (D:4)
  A howler monkey (D:5)
  A centaur zombie (Ossuary)
  3 hounds
  A bombardier beetle (D:4)
  A gnoll bouda (D:9)
  7 orc priests
  Jessica (D:3)
  Ijyb (D:3)
  6 iguanas
  10 orc wizards
  3 crocodile zombies (Ossuary)
  4 mummies
  15 gnolls
  6 adders
  2 shadow imps (D:6)
  A white imp (D:6)
  3 dart slugs
  33 orcs
  5 bats
  9 endoplasms
  7 giant cockroaches
  A goblin (D:1)
  10 hobgoblins
  3 jackals
  3 quokkas
  5 ball pythons
  A frilled lizard (D:3)
  A gnoll zombie (Ossuary)
  13 kobolds
  3 kobold zombies
  An orc zombie (D:7)
  12 rats
193 creatures vanquished.

Notes
Turn   | Place    | Note
-------+----------+-------------------------------------------
     0 | D:1      | Bravepunisher the Troll Shapeshifter began the quest for
                  | the Orb.
     0 | D:1      | Reached XP level 1. HP: 18/18 MP: 0/0
     4 | D:2      | Found a hide-covered altar of Uskayaw.
    44 | D:2      | Reached skill level 1 in Fighting
    49 | D:3      | Reached XP level 2. HP: 27/27 MP: 1/1
    78 | D:3      | Noticed Sigmund
   103 | D:3      | Found a glowing drain.
   137 | D:3      | Reached XP level 3. HP: 7/33 MP: 2/2
   139 | D:3      | HP: 2/49 [Sigmund/+0 scythe (7)]
   173 | D:3      | Killed Sigmund
   174 | D:3      | Reached XP level 4. HP: 14/44 MP: 3/3
   174 | D:3      | Reached XP level 5. HP: 16/50 MP: 4/4
   286 | D:4      | Reached skill level 4 in Shapeshifting
   303 | D:5      | Entered Level 5 of the Dungeon
   389 | D:5      | Reached XP level 6. HP: 57/59 MP: 5/5
   934 | D:4      | Noticed Duvessa
   934 | D:4      | Noticed Dowan
   940 | D:4      | Killed Duvessa
   941 | D:4      | Reached XP level 7. HP: 48/67 MP: 6/6
   945 | D:4      | Killed Dowan
  1135 | D:5      | Found a staircase to the Ecumenical Temple.
  1144 | Temple   | Entered the Ecumenical Temple
  1178 | Temple   | Became a worshipper of Makhleb the Destroyer
  1233 | D:5      | HP: 3/67 [gnoll sergeant/+0 spear (10)]
  1242 | D:5      | Reached skill level 1 in Armour
  1242 | D:5      | Reached skill level 1 in Invocations
  1242 | D:5      | Reached skill level 5 in Shapeshifting
  1506 | D:1      | Found a runed translucent door.
  1518 | D:1      | Reached XP level 8. HP: 78/78 MP: 8/8
  1523 | D:1      | Reached * piety under Makhleb
  2234 | D:2      | Found a faded altar of an unknown god.
  2649 | D:3      | Noticed Jessica
  2660 | D:3      | Killed Jessica
  2669 | D:3      | Noticed Ijyb
  2672 | D:3      | Killed Ijyb
  3240 | D:5      | Reached ** piety under Makhleb
  3504 | D:5      | Found an ornate altar of the Wu Jian Council.
  3671 | D:6      | Found Omaogoc's Armour Boutique.
  4370 | D:6      | Reached skill level 6 in Shapeshifting
  4655 | D:7      | Reached XP level 9. HP: 36/87 MP: 10/10
  4738 | D:7      | Reached skill level 5 in Fighting
  4815 | D:7      | Found a sand-covered staircase.
  4824 | Ossuary  | Entered an ossuary
  5795 | D:8      | Reached *** piety under Makhleb
  7010 | D:9      | Found a staircase to the Orcish Mines.
  7010 | D:9      | Noticed a troll
  7037 | D:9      | Reached skill level 7 in Shapeshifting
  7043 | D:9      | HP: 4/89 [gnoll sergeant/+0 trident (9)]
  7044 | D:9      | Slain by a gnoll sergeant

Illustrated notes

Levels and vault maps discovered:
D:1:      dpeg_arrival_caged_fury, layout_basic, patterned_corridor
D:2:      layout_rooms, ebering_ecumenical_altar_webs, basic_altar,
          minmay_circle_x
D:3:      layout_basic, gup_sewer_entry_glass, minmay_misc_feat_square,
          minmay_bisected, uniq_jessica, uniq_sigmund, uniq_ijyb
D:4:      layout_loops_ring, uniq_duvessa
D:5:      layout_cave_pools, mainiacjoe_overflow_boulevard,
          minmay_temple_entry_antechambers, serial_rivers,
          chequers_serial_rivers_large_b, chequers_serial_rivers_small_b,
          chequers_serial_rivers_large_a, chequers_serial_rivers_micro_e
D:6:      layout_basic, serial_shops, nicolae_shop_crystal
D:7:      layout_gridville, serial_co_window_serial, co_window_of_opportunity_a,
          co_window_corner_a, co_window_paths_b, co_window_paths_a,
          co_window_paths_b, co_window_corner_a, co_window_paths_b,
          co_window_paths_b, co_window_paths_b, co_window_2corner,
          co_window_corner_b, co_window_broadway_c, co_window_corner_b,
          nicolae_ossuary_entry_giza
D:8:      layout_layer_cave
D:9:      layout_small_grid, mainiacjoe_overflow_catwalk,
          kennysheep_orc_monster_closet_entryway, nicolae_shop_i_like_big_books
Temple:   mainiacjoe_temple_cubbyholes

Skill      XL: |  1  2  3  4  5  6  7  8  9 |
---------------+----------------------------+-----
Fighting       | 1 2 3 4 5 |  5.7
Dodging        | 2 3 |  3.6
Unarmed Combat | 4 |  4.6
Shapeshifting  | 4 5 6 7 |  7.0
Armour         | 1 3 4 |  4.4
Invocations    | 1 3 4 |  4.9

Action                     |  1- 3 |  4- 6 |  7- 9 || total
---------------------------+-------+-------+-------++-------
  Melee: Unarmed           |    37 |    83 |   352 ||   472
         Punch             |     4 |     6 |     8 ||    18
         Spear             |       |       |    63 ||    63
 Invoke: Minor Destruction |       |       |    16 ||    16
         Lesser Servant of |       |       |     1 ||     1
Ability: Begin Untransform |       |       |     3 ||     3
  Evoke: Wand              |       |       |     2 ||     2
    Use: Potion            |     1 |       |     3 ||     4
   Stab: Distracted        |       |       |     1 ||     1
         Sleeping          |       |       |     1 ||     1
 Armour: Animal skin       |    28 |    48 |   170 ||   246
         Skin              |    18 |       |       ||    18
         Steam dragon scal |       |       |   119 ||   119
         Acid dragon scale |       |       |    48 ||    48
  Dodge: Dodged            |    21 |    32 |   208 ||   261
   Form: Beast             |       |       |     3 ||     3

Table legend: (Time is in decaauts)
 A = Elapsed time spent in this place.
 B = Non-inter-level travel time spent in this place.
 C = Inter-level travel time spent in this place.
 D = Time resting spent in this place.
 E = Time spent auto-exploring this place.
 F = Levels seen in this place.
 G = Mean time per level.
                   A        B        C        D        E       F      G
               +--------+--------+--------+--------+--------+-----+--------+
         Total |   7008 |   6615 |    393 |     13 |   5142 |  11 |  637.1 |
       Dungeon |   6832 |   6462 |    370 |     13 |   5080 |   9 |  759.1 |
        Temple |     58 |     35 |     23 |      0 |      0 |   1 |   58.0 |
       Ossuary |    116 |    116 |      0 |      0 |     62 |   1 |  116.0 |
               +--------+--------+--------+--------+--------+-----+--------+

Top non-repeatable levels by time:
     D:8: 1229 daAuts
     D:7: 1051 daAuts
     D:6: 908 daAuts
     D:5: 890 daAuts
     D:3: 860 daAuts
     D:4: 665 daAuts
     D:1: 658 daAuts
     D:2: 473 daAuts
 Ossuary: 116 daAuts
     D:9: 95 daAuts
  Temple: 58 daAuts
